 Dungeon Sprint DCSS version 0.29-a0-1019-g84f7d21838 (webtiles) character file.

Game seed: 4376676340159516393

12289 mhtbhm the Ninja (level 11, -20/58 HPs)
             Began as a Spriggan Brigand on Aug 11, 2022.
             Was the Champion of Dithmenos.
             Demolished by a dire elephant (30 damage)
             ... in the Dungeon (Sprint III: "The Ten Rune Challenge").
             The game lasted 00:11:43 (3068 turns).

mhtbhm the Ninja (Spriggan Brigand)                 Turns: 3068, Time: 00:11:43

Health: -20/58     AC:  3    Str: 11    XL:     11   Next: 60%
Magic:  21/22      EV: 25    Int: 12    God:    Dithmenos [******]
Gold:   1089       SH:  0    Dex: 20    Spells: 10/10 levels left

rFire   + . .      SeeInvis +   a - +2 dagger (venom)
rCold   + . .      Faith    .   (no shield)
rNeg    . . .      Spirit   .   b - +1 robe {Archmagi}
rPois   .          Reflect  .   (helmet restricted)
rElec   .          Harm     .   v - scarf {rC+ rF+}
rCorr   .          Rampage  .   (gloves unavailable)
Will    +....      Archmagi +   (boots unavailable)
Stlth   ++++++++++ Clarity  +   (no amulet)
HPRegen 0.19/turn  NoTele   +   (no ring)
MPRegen 0.18/turn               (no ring)

@: wreathed by umbra, slow
A: very small, no large weapons, unfitting armour, see invisible, speed 3, horns
1, clarity, strong 1
a: Renounce Religion, Shadow Step, Shadow Form


You were in the Dungeon.
You worshipped Dithmenos.
Dithmenos was exalted by your worship.
You visited 1 branch You collected 1926 gold pieces.
You spent 837 gold pieces at shops.

Inventory:

Hand Weapons
 a - a +2 dagger of venom (weapon)
Missiles
 d - 8 poisoned darts
 r - 3 curare-tipped darts (quivered)
Armour
 b - a +1 robe of the Archmagi (worn)
 c - a +0 cloak
 v - a scarf of resistance (worn)
Wands
 j - a wand of paralysis (8)
Scrolls
 k - 3 scrolls of blinking
 n - a scroll of torment
 q - a scroll of immolation {unknown}
Potions
 e - 2 potions of mutation
 h - a potion of haste
 i - 2 potions of magic
 m - a potion of lignification {unknown}
 p - a potion of flight {unknown}
Miscellaneous
 u - a condenser vane (inert)


   Skills:
 + Level 6.8 Fighting
 + Level 11.7 Short Blades
 + Level 11.4 Throwing
 + Level 9.6 Dodging
 O Level 27 Stealth
 * Level 13.4 Invocations
 + Level 5.7 Evocations


You had 10 spell levels left.
You didn't know any spells.
Your spell library contained the following spells:

 Spells                   Type           Power      Damage    Failure   Level
 Apportation              Tloc           0%         N/A       32%         1
 Necrotise                Necr           0%         1d4       32%         1
 Summon Small Mammal      Summ           0%         N/A       32%         1
 Alistair's Intoxication  Tmut/Pois      0%         N/A       100%        5


Dungeon Overview and Level Annotations

Branches:
Dungeon (1/1)

Altars:
Cheibriados
Dithmenos
Elyvilon
Fedhas
Gozag
Hepliaklqana
Kikubaaqudgha
Makhleb
Nemelex Xobeh
Okawaru
Qazlal
Ru
Sif Muna
Trog
Uskayaw
Vehumet
Wu Jian
Xom
Yredelemnul
Zin
The Shining One
Jiyva
Lugonu

Shops:
D *(=:[:(!*?![

Annotations:
D exclusion: orange crystal statue, Gastronok


Innate Abilities, Weirdness & Mutations

You are very small and have problems with some larger weapons.
You are too small for most types of armour.
You have supernaturally acute eyesight. (SInv)
You cover ground extremely quickly. (Speed+++)
You have a pair of small horns on your head.
You possess an exceptional clarity of mind.
Your muscles are strong. (Str +4, Int/Dex -1)


Message History

The dire elephant is heavily wounded.
Your shadow hits the dire elephant but does no damage.
Unknown command.
Okay, then.
You puncture the dire elephant!
The dire elephant is heavily wounded.
The elephant tramples you.
You hold your ground!
The elephant completely misses you.
Unknown command.
Why would you want to do that?
Unknown command.
Why would you want to do that?
Unknown command.
You enter the shallow water.
Moving in this stuff is going to be slow.
You kill the elephant!
Dithmenos accepts your kill.
Throw: 4 darts (curare)
Press: ? - help, Q - select action, (/) - cycle Shift-Dir - straight line, f/p - dire elephant
Aim: a dire elephant (black smoke, heavily wounded, extremely poisoned, slow, umbra, 92% to hit)
You throw a curare-tipped dart.
The curare-tipped dart hits the dire elephant.
The dire elephant looks as sick as possible!
The dire elephant convulses.
The dire elephant seems to be slow for longer.
The dire elephant is severely wounded.
Unknown command.
The dire elephant attacks as you move away!
The dire elephant misses you. The dire elephant trunk-slaps you.
Why would you want to do that? The dire elephant tramples you!!
* * * LOW HITPOINT WARNING * * *
You stumble backwards!
Splash!
You fall into the shallow water.
Moving in this stuff is going to be slow.
The dire elephant attacks as you move away!
The dire elephant tramples you!!
Ouch! That really hurt!
You die...

▓.....#.~~~.......#'###__#
▓'#####...........#.))#__#
▓.................#___#__'
▓▓▓▓▓▓▓▓▓▓▓▓▓▓▓▓▓▓▓▓▓▓▓▓▓▓
▓(.(§§§§§~~.~≈♣♣.....♣♣♣♣
▓...#§§§≈§≈~≈~♣♣.≈≈≈≈'♣♣'
▓.w.#§§~Y§§§~≈~'..÷÷!#.~♣
▓...#§§Y.~≈~≈~♣♣♣♣♣♣♣#..♣
▓..(#§§≈@~≈~~≈♣ ###'
▓##+####'#######♣ ♣♣♣♣.
▓...........)...♣ ♣...#
▓#+#############+ ♣♣.##
♣..# ♣♣.# ♣♣.# ♣... ####


You could see 2 dire elephants.

Vanquished Creatures
  Rupert (D)
  Dowan (D)
  Erolcha (D)
  Urug (D)
  An orc knight (D)
  A lindwurm (D)
  A deep elf pyromancer (D)
  2 crystal guardians (D)
  2 elephants (D)
  A cane toad (D)
  Duvessa (D)
  A komodo dragon (D)
  A rime drake (D)
  3 wandering mushrooms (D)
  2 tyrant leeches (D)
  3 orc high priests (D)
  5 blink frogs (D)
  A shadow (D)
  5 redbacks (D)
  A spatial vortex (D)
  A swamp drake (D)
  5 two-headed ogres (D)
  A water elemental (D)
  A scorpion (D)
  A necrophage (D)
  A jelly (D)
  2 orc priests (D)
  A wizard (D)
  Jessica (D)
  3 orc wizards (D)
  A necromancer (D)
  3 humans (D)
  A kobold demonologist (D)
  13 orcs (D)
  An endoplasm (D)
  2 rats (D)
73 creatures vanquished.

Vanquished Creatures (others)
  10 plants (D)
10 creatures vanquished.

Grand Total: 83 creatures vanquished

Notes
Turn   | Place    | Note
-------+----------+-------------------------------------------
     0 | D        | mhtbhm the Spriggan Brigand began the quest for the Orb.
     0 | D        | Reached XP level 1. HP: 10/10 MP: 2/2
     5 | D        | Reached skill level 6 in Stealth
    11 | D        | Noticed Jessica
    14 | D        | Killed Jessica
    15 | D        | Reached skill level 10 in Stealth
    15 | D        | Reached XP level 2. HP: 15/15 MP: 3/3
    17 | D        | Reached XP level 3. HP: 18/18 MP: 4/4
    51 | D        | Noticed a scorpion
    58 | D        | Killed a scorpion
    59 | D        | Reached skill level 12 in Stealth
    59 | D        | Reached XP level 4. HP: 23/23 MP: 5/5
    84 | D        | Reached skill level 13 in Stealth
   219 | D        | Gained mutation: You have hidden genetic potential. [potion
                  | of mutation]
   219 | D        | Gained mutation: You possess an exceptional clarity of
                  | mind. [potion of mutation]
   223 | D        | Noticed a water elemental
   240 | D        | Killed a water elemental
   241 | D        | Reached skill level 15 in Stealth
   241 | D        | Reached XP level 5. HP: 20/28 MP: 6/6
   401 | D        | Found a shadowy altar of Dithmenos.
   406 | D        | Reached skill level 16 in Stealth
   407 | D        | Found a basalt altar of Yredelemnul.
   407 | D        | Found a sacrificial altar of Ru.
   413 | D        | Became a worshipper of Dithmenos the Shadowed
   427 | D        | Gained mutation: Your muscles are strong. (Str +4, Int/Dex
                  | -1) [hidden potential]
   435 | D        | Found a radiant altar of Vehumet.
   436 | D        | Found a shimmering blue altar of Sif Muna.
   436 | D        | Found an ancient bone altar of Kikubaaqudgha.
   438 | D        | Reached skill level 1 in Invocations
   438 | D        | Reached XP level 6. HP: 32/32 MP: 7/7
   440 | D        | Reached skill level 5 in Short Blades
   440 | D        | Reached skill level 17 in Stealth
   452 | D        | Found a glowing silver altar of Zin.
   453 | D        | Found a glowing golden altar of the Shining One.
   453 | D        | Found a white marble altar of Elyvilon.
   453 | D        | Noticed a deep elf pyromancer
   455 | D        | Killed a deep elf pyromancer
   455 | D        | Reached * piety under Dithmenos
   456 | D        | Reached skill level 5 in Throwing
   456 | D        | Reached skill level 20 in Stealth
   456 | D        | Reached XP level 7. HP: 37/37 MP: 8/11
   465 | D        | Found a hide-covered altar of Uskayaw.
   465 | D        | Found an iron altar of Okawaru.
   466 | D        | Found a bloodstained altar of Trog.
   466 | D        | Found an ornate altar of the Wu Jian Council.
   466 | D        | Noticed a human
   466 | D        | Noticed a human
   468 | D        | Killed a human
   469 | D        | Reached skill level 5 in Invocations
   469 | D        | Killed a human
   470 | D        | Reached skill level 21 in Stealth
   470 | D        | Gained mutation: You have a pair of small horns on your
                  | head. [hidden potential]
   470 | D        | Lost mutation: You have hidden genetic potential. [hidden
                  | potential expressed]
   499 | D        | Noticed a shadow
   501 | D        | Killed a shadow
   501 | D        | Reached ** piety under Dithmenos
   502 | D        | Reached XP level 8. HP: 42/42 MP: 13/13
   508 | D        | Found a blossoming altar of Fedhas.
   508 | D        | Found a stormy altar of Qazlal.
   508 | D        | Found a snail-covered altar of Cheibriados.
   508 | D        | Found a burning altar of Makhleb.
   508 | D        | Found a shimmering altar of Xom.
   509 | D        | Found a hazy altar of Hepliaklqana.
   509 | D        | Found an opulent altar of Gozag.
   509 | D        | Found a sparkling altar of Nemelex Xobeh.
   509 | D        | Found a corrupted altar of Lugonu.
   509 | D        | Found a viscous altar of Jiyva.
   563 | D        | Reached skill level 22 in Stealth
   564 | D        | Reached *** piety under Dithmenos
   578 | D        | Noticed a two-headed ogre
   581 | D        | Killed a two-headed ogre
   582 | D        | Reached skill level 23 in Stealth
   585 | D        | Noticed a two-headed ogre
   585 | D        | Noticed Erolcha
   601 | D        | Killed Erolcha
   602 | D        | Reached skill level 24 in Stealth
   602 | D        | Reached XP level 9. HP: 46/46 MP: 15/15
   606 | D        | Killed a two-headed ogre
   606 | D        | Reached **** piety under Dithmenos
   607 | D        | Reached skill level 5 in Fighting
   727 | D        | Reached skill level 25 in Stealth
   874 | D        | Noticed a wandering mushroom
   878 | D        | Noticed a wandering mushroom
   880 | D        | Noticed a wandering mushroom
   883 | D        | Killed a wandering mushroom
  1402 | D        | Reached ***** piety under Dithmenos
  1456 | D        | Noticed Dowan
  1456 | D        | Noticed Duvessa
  1460 | D        | Killed Dowan
  1461 | D        | Reached skill level 26 in Stealth
  1461 | D        | Reached skill level 1 in Evocations
  1461 | D        | Reached XP level 10. HP: 51/51 MP: 17/17
  1470 | D        | Killed Duvessa
  1597 | D        | Found Wirucot's Assorted Antiques.
  1598 | D        | Noticed an orc high priest
  1600 | D        | Noticed an orc knight
  1603 | D        | Reached ****** piety under Dithmenos
  1609 | D        | Killed an orc high priest
  1610 | D        | Reached skill level 10 in Short Blades
  1610 | D        | Reached skill level 5 in Dodging
  1610 | D        | Reached skill level 27 in Stealth
  1610 | D        | Reached skill level 10 in Invocations
  1625 | D        | Killed an orc knight
  1683 | D        | Bought a scroll of blinking for 225 gold pieces
  1737 | D        | Bought a glowing dagger for 150 gold pieces
  1796 | D        | Noticed an orange crystal statue
  1806 | D        | Found Ryenoali's Book Emporium.
  1806 | D        | Found Voepotse's Distillery.
  1806 | D        | Found Plog's Armour Shoppe.
  1806 | D        | Found Kogesaf's Antique Weapon Emporium.
  1806 | D        | Found Hoinohu's Distillery.
  1806 | D        | Found Fism's Magic Scroll Emporium.
  1806 | D        | Found Wiumiu's Assorted Antiques.
  1807 | D        | Found Ytatz's Antique Armour Boutique.
  1807 | D        | Found Isal's Book Shoppe.
  1807 | D        | Found Mastonno's Jewellery Shop.
  1807 | D        | Found Xumiteuhuph's Weapon Emporium.
  1849 | D        | Bought a glowing scarf for 200 gold pieces
  1864 | D        | Bought a scroll of blinking for 105 gold pieces
  1867 | D        | Bought a scroll of blinking for 157 gold pieces
  1888 | D        | Noticed a crystal guardian
  1888 | D        | Noticed a crystal guardian
  1888 | D        | Noticed a crystal guardian
  1888 | D        | Noticed a crystal guardian
  1889 | D        | Killed a crystal guardian
  1923 | D        | Killed a crystal guardian
  2161 | D        | Noticed a cane toad
  2161 | D        | Noticed a cane toad
  2468 | D        | Killed a cane toad
  2494 | D        | Reached XP level 11. HP: 56/56 MP: 20/20
  2501 | D        | Noticed a lindwurm
  2510 | D        | Killed a lindwurm
  2511 | D        | Reached skill level 10 in Throwing
  2600 | D        | Noticed Urug
  2602 | D        | Killed Urug
  2904 | D        | Reached skill level 5 in Evocations
  2927 | D        | Noticed Rupert
  2931 | D        | Killed Rupert
  3046 | D        | Noticed a dire elephant
  3046 | D        | Noticed a dire elephant
  3046 | D        | Noticed Gastronok
  3068 | D        | Demolished by a dire elephant

Illustrated notes

Levels and vault maps discovered:
D:        dungeon_sprint_mu [sprint_mu_entry_forest, sprint_mu_temple_rooms,
          sprint_mu_d1_spiders, sprint_mu_d2_genie, sprint_mu_d3_branching,
          sprint_mu_orc_legion, sprint_mu_elf_gauntlet, sprint_mu_hive_nellie,
          sprint_mu_lair_fedhas, sprint_mu_vaults_butterflies,
          sprint_mu_slime_circle, sprint_mu_shoals_kraken,
          sprint_mu_snake_twists, sprint_mu_blade_basic,
          sprint_mu_crypt_chambers, sprint_mu_tomb_spiral,
          sprint_mu_vestibule_basic, sprint_mu_gehenna_hellfire,
          sprint_mu_dis_giant, sprint_mu_tartarus_statrot,
          sprint_mu_cocytus_islands, sprint_mu_zot1]

Skill      XL: |  1  2  3  4  5  6  7  8  9 10 11 |
---------------+----------------------------------+-----
Stealth        | 10 12 15 16 20 21 24 26 27 | 27.0
Fighting       | 2 3 4 5 6 |  6.8
Short Blades   | 3 4 6 8 9 10 11 | 11.7
Throwing       | 3 4 5 6 7 9 11 | 11.4
Dodging        | 2 4 7 9 |  9.6
Invocations    | 1 4 5 7 9 11 13 | 13.4
Evocations     | 1 3 5 |  5.7

Action                   |  1- 3 |  4- 6 |  7- 9 | 10-12 || total
-------------------------+-------+-------+-------+-------++-------
Melee: Dagger            |     5 |    17 |    99 |    98 ||   219
       Headbutt          |       |       |    39 |    34 ||    73
       Punch             |       |       |     2 |       ||     2
Throw: Dart              |       |     4 |    16 |    19 ||    39
Invok: Shadow Step       |       |       |       |     1 ||     1
Evoke: Condenser vane    |       |       |     2 |     5 ||     7
       Wand              |       |       |       |     2 ||     2
  Use: Potion            |       |     2 |     1 |     6 ||     9
       Scroll            |       |       |       |     3 ||     3
 Stab: Sleeping          |     5 |     4 |     9 |    13 ||    31
       Confused          |       |       |     2 |    12 ||    14
       Distracted        |       |       |     1 |     2 ||     3
       Paralysed         |       |       |       |     1 ||     1
Armor: Robe              |       |     1 |     1 |       ||     2
Dodge: Dodged            |       |     6 |    32 |    32 ||    70

Table legend: (Time is in decaauts)
 A = Elapsed time spent in this place.
 B = Non-inter-level travel time spent in this place.
 C = Inter-level travel time spent in this place.
 D = Time resting spent in this place.
 E = Time spent auto-exploring this place.
 F = Levels seen in this place.
 G = Mean time per level.
                   A        B        C        D        E       F      G
               +--------+--------+--------+--------+--------+-----+--------+
         Total |   2669 |   2669 |      0 |   1820 |      6 |   1 | 2669.0 |
       Dungeon |   2669 |   2669 |      0 |   1820 |      6 |   1 | 2669.0 |
               +--------+--------+--------+--------+--------+-----+--------+

Top non-repeatable levels by time:
       D: 2669 daAuts
